 Dungeon Crawl Stone Soup version 0.25-a0-322-g3677130cb1 (webtiles) character file.

Game seed: 869373584801709292, levelgen mode: deterministic

153 floatRand the Sneak (level 5, 0/41 HPs)
             Began as a Draconian Assassin on Dec 27, 2019.
             Succumbed to a worker ant's poison
             ... on level 4 of the Dungeon.
             The game lasted 00:03:28 (3211 turns).

floatRand the Sneak (Draconian Assassin)            Turns: 3211, Time: 00:03:29

Health: 0/41       AC:  6    Str: 12 (14) XL:     5   Next: 12%
Magic:  5/5        EV: 17    Int: 10 (11) God:
Gold:   181        SH:  0    Dex: 18      Spells: 4/4 levels left

rFire    . . .     SeeInvis .   a - +2 dagger
rCold    . . .     Gourm    .   (no shield)
rNeg     . . .     Faith    .   (armour unavailable)
rPois    .         Spirit   .   (helmet restricted)
rElec    .         Reflect  .   b - +0 cloak
rCorr    +         Harm     .   (no gloves)
MR       .....                  (no boots)
Stlth    +++++.....             (no amulet)
HPRegen  0.13/turn              h - ring of wizardry
MPRegen  0.09/turn              k - ring of resist corrosion

@: agile, lethally poisoned (0 -> -12)
A: unfitting armour, antennae 1, hooves 1, camouflage 1, cold-blooded, AC +5
a: no special abilities


You were on level 4 of the Dungeon.
You were very hungry.

You visited 1 branch of the dungeon, and saw 4 of its levels.

You collected 181 gold pieces.

Inventory:

Hand Weapons
 a - a +2 dagger (weapon)
Missiles
 c - 8 poisoned darts (quivered)
 d - 9 curare-tipped darts
Armour
 b - a +0 cloak (worn)
Jewellery
 h - a ring of wizardry (left hand)
 k - a ring of resist corrosion (right hand)
Scrolls
 j - 4 scrolls of remove curse {unknown}
 m - a scroll of amnesia {unknown}
 n - 2 scrolls of enchant weapon {unknown}
 q - 3 scrolls of identify {unknown}
 r - a scroll of random uselessness {unknown}
 t - a scroll of magic mapping {unknown}
 u - a scroll of teleportation {unknown}
Potions
 e - a potion of brilliance
 l - a potion of mutation
Comestibles
 f - 9 rations


   Skills:
 - Level 2.1 Fighting
 - Level 2.0 Short Blades
 - Level 1.7 Throwing
 - Level 0.8 Dodging
 + Level 6.2 Stealth


You had 4 spell levels left.
You didn't know any spells.
Your spell library was empty.

Dungeon Overview and Level Annotations

Branches:
Dungeon (4/15)
 Temple: D:4-7

Altars:
Hepliaklqana

Annotations:
D:4 Menkaure


Innate Abilities, Weirdness & Mutations

Your plain brown scales are hard. (AC +5)
You cannot fit into any form of body armour.
You are cold-blooded and may be slowed by cold attacks.
You have a pair of small antennae on your head.
You have large cloven feet.
Your skin changes colour to match your surroundings (Stealth+).


Message History

The worker ant is severely wounded.
* * * LOW HITPOINT WARNING * * *
You feel sick. The worker ant bites you.
* * * LOW HITPOINT WARNING * * *
You are more poisoned.
The worker ant poisons you!
You hit the worker ant but do no damage.
You tail-slap the worker ant, but do no damage.
The worker ant is heavily wounded.
* * * LOW HITPOINT WARNING * * *
You feel sick. The worker ant misses you.
Unknown command.
You hit the worker ant but do no damage.
You kick the worker ant, but do no damage.
The worker ant is heavily wounded.
* * * LOW HITPOINT WARNING * * *
You feel sick. The worker ant barely misses you.
You hit the worker ant but do no damage.
The worker ant is heavily wounded.
You die...

.# #.......# .#
###.#.### .# #.###.#
####### .########.#.#
#.....#
......####.######.....#
...#.......##.. ......#
......###..##.# #.....#
#####.###..##.###.....#
### #..#........@######
#####.........##a#
'_'....#......##.#
#+###..#...#.###.. #.#
#..#...... ...#
#.###..#.....###..#
.......#####.# #..#
#.#..........# #..#
#.#.###.#.####


You could see a worker ant.

Vanquished Creatures
  A scorpion (D:4)
  4 adders
  A howler monkey skeleton (D:2)
  2 worms (D:3)
  A dart slug (D:2)
  3 leopard geckos
  7 giant cockroaches
  A goblin (D:3)
  4 hobgoblins (D:2)
  6 kobolds
  10 bats
  7 frilled lizards
  8 rats
55 creatures vanquished.

Notes
Turn   | Place    | Note
-------+----------+-------------------------------------------
     0 | D:1      | floatRand the Draconian Assassin began the quest for the
                  | Orb.
     0 | D:1      | Reached XP level 1. HP: 17/17 MP: 1/1
   117 | D:1      | Reached skill level 4 in Stealth
   181 | D:1      | Reached XP level 2. HP: 24/24 MP: 2/2
   731 | D:2      | Reached XP level 3. HP: 29/29 MP: 3/3
  1258 | D:2      | Reached skill level 5 in Stealth
  1790 | D:3      | Reached XP level 4. HP: 13/36 MP: 4/4
  2879 | D:4      | Found a hazy altar of Hepliaklqana.
  2910 | D:4      | Gained mutation: Your skin changes colour to match your
                  | surroundings (Stealth+). [potion of mutation]
  2910 | D:4      | Gained mutation: You have a pair of small antennae on your
                  | head. [potion of mutation]
  2910 | D:4      | Gained mutation: You have large cloven feet. [potion of
                  | mutation]
  2934 | D:4      | Reached skill level 6 in Stealth
  2934 | D:4      | Reached XP level 5. HP: 15/41 MP: 5/5
  3176 | D:4      | Noticed Menkaure
  3209 | D:4      | HP: 2/41 [poisoned by a worker ant]
  3211 | D:4      | Succumbed to a worker ant's poison

Levels and vault maps discovered:
D:1:      dpeg_arrival_lava_altar, layout_rooms
D:2:      layout_basic
D:3:      layout_basic
D:4:      layout_loops_cross, gammafunk_temple_overflow_forgotten,
          vehumet_statue, lemuel_doored_altar, lemuel_crystal_altar,
          uniq_menkaure

Skill      XL: |  1  2  3  4 |
---------------+-------------+-----
Stealth        | 4 5 6 |  6.2
Fighting       | |  2.1
Short Blades   | |  2.0
Throwing       | |  1.7
Dodging        | |  0.8

Action                   |  1- 3 |  4- 6 || total
-------------------------+-------+-------++-------
Melee: Dagger            |   115 |    86 ||   201
       Tailslap          |     9 |     5 ||    14
       Kick              |       |     4 ||     4
  Use: Potion            |       |     8 ||     8
 Stab: Sleeping          |     7 |     3 ||    10
  Eat: Chunk             |     3 |     3 ||     6
Armor: Skin              |    46 |    31 ||    77
Dodge: Dodged            |    70 |    38 ||   108

Table legend:
 A = Non-vault XP
 B = Vault XP
 C = Vault XP percentage of total XP
 D = Non-vault monster count
 E = Vault monster count
 F = Vault count percentage of total count
                 A         B        C        D         E       F
            +---------+---------+-------+---------+---------+-------
      Total |     219 |       0 |   0.0 |      55 |       0 |   0.0
            +---------+---------+-------+---------+---------+-------
        D:1 |      21 |       0 |   0.0 |      14 |       0 |   0.0
        D:2 |      50 |       0 |   0.0 |      24 |       0 |   0.0
        D:3 |      65 |       0 |   0.0 |      14 |       0 |   0.0
        D:4 |      83 |       0 |   0.0 |       3 |       0 |   0.0
            +---------+---------+-------+---------+---------+-------
